 Dungeon Crawl Stone Soup version 0.29-a0-119-g4040846114 (webtiles) character file.

Game seed: 18068704564446701515

57 drugrobin the Grasshopper (level 3, 0/29 HPs)
             Began as a Demigod Warper on Feb 20, 2022.
             Slain by an adder (3 damage)
             ... on level 2 of the Dungeon.
             The game lasted 00:05:04 (2208 turns).

drugrobin the Grasshopper (Demigod Warper)          Turns: 2208, Time: 00:05:05

Health: 0/29       AC:  3    Str: 16    XL:     3   Next: 50%
Magic:  6/8        EV: 11    Int: 15    God:
Gold:   62         SH:  0    Dex: 13    Spells: 0/5 levels left

rFire   . . .      SeeInvis .   a - +0 spear
rCold   . . .      Faith    .   (no shield)
rNeg    . . .      Spirit   .   i - +0 leather armour
rPois   .          Reflect  .   (no helmet)
rElec   .          Harm     .   (no cloak)
rCorr   .          Rampage  .   (no gloves)
Will    .....                   (no boots)
Stlth   +.........              (no amulet)
HPRegen 0.09/turn               (no ring)
MPRegen 0.11/turn               (no ring)

@: on blink cooldown
A: high MP 1, forlorn, divine attributes
a: no special abilities


You were on level 2 of the Dungeon.
You visited 1 branch of the dungeon, and saw 2 of its levels.

You collected 62 gold pieces.

Inventory:

Hand Weapons
 a - a +0 spear (weapon)
 b - a +0 hunting sling
Missiles
 d - 5 boomerangs of dispersal
 f - 48 stones (quivered)
Armour
 i - a +0 leather armour (worn)
Scrolls
 c - a scroll of blinking
 e - 2 scrolls of teleportation {unknown}
 g - a scroll of identify {unknown}
 j - a scroll of summoning {unknown}
Potions
 h - a potion of magic {unknown}


   Skills:
 - Level 1.7 Fighting
 + Level 2.9 Polearms
 - Level 0.8 Throwing
 - Level 0.8 Armour
 - Level 1.7 Dodging
 - Level 1.7 Spellcasting
 + Level 3.5 Translocations


You couldn't memorise any spells.
You knew the following spells:

 Your Spells              Type           Power      Damage    Failure   Level
a - Blink                 Tloc           24%        N/A       10%         2
b - Teleport Other        Tloc           12%        N/A       19%         3

Your spell library contained the following spells:

 Spells                   Type           Power      Damage    Failure   Level
 Gell's Gravitas          Tloc           12%        N/A       19%         3
 Lesser Beckoning         Tloc           12%        N/A       19%         3
 Manifold Assault         Tloc           12%        N/A       87%         5


Dungeon Overview and Level Annotations

Branches:
Dungeon (2/15)


Innate Abilities, Weirdness & Mutations

You have an increased reservoir of magic. (+10% MP)
You shall have no god before yourself.
Your divine heritage dramatically boosts your attributes as you level up.


Message History

You miss the adder.
The adder is severely wounded.
You feel sick. The adder bites you but does no damage.
You closely miss the adder.
The adder is severely wounded.
You feel sick. The adder bites you but does no damage.
You hit the adder.
The adder is almost dead.
You feel sick. The adder closely misses you. The adder barely misses you.
You hit the adder but do no damage.
The adder is almost dead.
You feel sick.
You are no longer poisoned.
The adder barely misses you.
You hit the adder.
The adder is almost dead.
The adder bites you.
* * * LOW HITPOINT WARNING * * *
You barely miss the adder.
The adder is almost dead.
The adder bites you but does no damage.
You miss the adder.
The adder is almost dead.
The adder bites you.
* * * LOW HITPOINT WARNING * * *
The adder bites you.
* * * LOW HITPOINT WARNING * * *
Unknown command.
You hit the adder but do no damage.
The adder is almost dead.
The adder closely misses you.
Unknown command.
Okay, then.
Unknown command.
Casting: Blink (safe; 10% risk of failure)
Confirm with . or Enter, or press ? or * to list all spells.
You blink.
Unknown command.
The adder bites you.
You die...

######
###########....########.
#...............ยง.......
#.#########.@S...######.
##.#### ###>..## #.....#
##.## ##(###.# #(# #..#
#.# #.# ##.###.# #+#
#.....# ###.#### #......#


You could see an adder.

Vanquished Creatures
  2 adders (D:2)
  A worm (D:2)
  2 ball pythons
  4 endoplasms
  3 giant cockroaches
  6 goblins
  4 hobgoblins
  3 quokkas
  A bat (D:2)
  A frilled lizard (D:1)
  4 kobolds
  2 rats
33 creatures vanquished.

Notes
Turn   | Place    | Note
-------+----------+-------------------------------------------
     0 | D:1      | drugrobin the Demigod Warper began the quest for the Orb.
     0 | D:1      | Reached XP level 1. HP: 17/17 MP: 5/5
   368 | D:1      | Reached skill level 3 in Translocations
   486 | D:1      | Reached XP level 2. HP: 24/24 MP: 7/7
   489 | D:1      | Learned a level 2 spell: Blink
  1659 | D:2      | Reached XP level 3. HP: 19/29 MP: 8/8
  1663 | D:2      | Learned a level 3 spell: Teleport Other
  2208 | D:2      | Slain by an adder

Illustrated notes

Levels and vault maps discovered:
D:1:      heliophobic_arrival_henge, layout_loops_ring,
          shapermc_ecumenical_altar_starsandcircs, minmay_tromino_v4_c
D:2:      layout_loops_corners, minmay_box_of_dots

Skill      XL: |  1 |
---------------+----+-----
Polearms       | 2 |  2.9
Translocations | 3 |  3.5
Fighting       | |  1.7
Throwing       | |  0.8
Armour         | |  0.8
Dodging        | |  1.7
Spellcasting   | |  1.7

Action                   || total
-------------------------++-------
Melee: Spear             ||   117
 Fire: Hunting sling     ||    14
Throw: Stone             ||    47
 Cast: Blink             ||     3
Armor: Leather armour    ||    24
Dodge: Dodged            ||    43

Table legend: (Time is in decaauts)
 A = Elapsed time spent in this place.
 B = Non-inter-level travel time spent in this place.
 C = Inter-level travel time spent in this place.
 D = Time resting spent in this place.
 E = Time spent auto-exploring this place.
 F = Levels seen in this place.
 G = Mean time per level.
                   A        B        C        D        E       F      G
               +--------+--------+--------+--------+--------+-----+--------+
         Total |   2212 |   2103 |    109 |    480 |   1085 |   2 | 1106.0 |
       Dungeon |   2212 |   2103 |    109 |    480 |   1085 |   2 | 1106.0 |
               +--------+--------+--------+--------+--------+-----+--------+

Top non-repeatable levels by time:
     D:1: 1454 daAuts
     D:2: 758 daAuts
